 Dungeon Crawl Stone Soup version 0.31-a0-692-gf03d1854d5 (webtiles) character file.

Game seed: 13632506958271908840

17102 qw the Skirmisher (level 12, 0/79 HPs)
             Began as a Gargoyle Hunter on Sept 6, 2023.
             Was an Elder of Okawaru.
             Slain by a cane toad (13 damage)
             ... on level 3 of the Lair of Beasts.
             The game lasted 00:07:09 (12547 turns).

qw the Skirmisher (Gargoyle Hunter)                Turns: 12547, Time: 00:07:09

Health: 0/79       AC: 22    Str: 15    XL:     12   Next: 44%
Magic:  19/19      EV: 17    Int: 11    God:    Okawaru [****..]
Gold:   590        SH:  0    Dex: 17    Spells: 11/11 levels left

rFire   . . .        Y - +1 shortbow
rCold   . . .        (shield currently unavailable)
rNeg    + . .        m - +2 leather armour {Will+}
rPois   inf          l - +0 helmet
rElec   +            f - +1 cloak {rPois}
rCorr   .            o - +2 pair of gloves
SInv    .            (no boots)
Will    +....        h - amulet of the acrobat
Stlth   +++          (no ring)
HPRegen 0.33/turn    (no ring)
MPRegen 0.16/turn

%: acrobat
@: heroic
A: sickness immunity, AC +8, negative energy resistance 1, electricity
resistance, torment resistance 1, petrification resistance
a: Renounce Religion, Heroism, Finesse


You were on level 3 of the Lair of Beasts.
You worshipped Okawaru.
Okawaru was greatly pleased with you.
You visited 3 branches of the dungeon, and saw 12 of its levels.

You collected 590 gold pieces.


Innate Abilities, Weirdness & Mutations

You are immune to sickness and miasma.
Your stone body is resilient. (AC +8)
You are immune to poison.
You resist negative energy. (rN+)
You are resistant to electric shocks. (rElec)
You are resistant to unholy torment.
You are immune to petrification.


   Skills:
 + Level 10.7(15.7) Fighting
 - Level 14.0(19.0) Ranged Weapons
 - Level 4.1(9.1) Armour
 - Level 5.1(10.1) Dodging
 - Level 1.1(6.1) Stealth
 - Level 10.0 Invocations


You had 11 spell levels left.
You didn't know any spells.
Your spell library was empty.

Inventory:

Hand Weapons
 Y - a +1 shortbow (weapon)
Armour
 a - +0 swamp dragon scales
 f - a +1 cloak of poison resistance (worn)
 l - a +0 helmet (worn)
 m - a +2 leather armour of willpower (worn)
 o - a +2 pair of gloves (worn)
Jewellery
 g - a ring of ice
 h - an amulet of the acrobat (around neck)
Scrolls
 k - 2 scrolls of identify
Potions
 c - 2 potions of might
 d - a potion of haste
 e - 2 potions of curing
 j - a potion of enlightenment
 n - a potion of mutation

Dungeon Overview and Level Annotations

Branches:
Dungeon (8/15)             Temple (1/1) D:5            Lair (3/5) D:8
 Shoals (0/4) Lair:2       Spider (0/4) Lair:2

Altars:
Ashenzari
Dithmenos
Elyvilon
Fedhas
Gozag
Hepliaklqana
Kikubaaqudgha
Makhleb
Nemelex Xobeh
Okawaru
Qazlal
Sif Muna
Trog
Uskayaw
Vehumet
Wu Jian
Xom
Yredelemnul
Zin
The Shining One


Message History

The yak barely misses you. The cane toad stings you!
You shoot an arrow.
The arrow hits the yak but does no damage.
The yak is heavily wounded.
The yak misses you.
You shoot an arrow.
The arrow hits the yak but does no damage.
The yak is heavily wounded.
The cane toad stings you but does no damage.
The yak closely misses you.
You shoot an arrow. The arrow hits the yak!
The yak is severely wounded.
The cane toad barely misses you.
You shoot an arrow. The arrow hits the yak.
The yak is almost dead.
The cane toad stings you! The yak completely misses you.
You shoot an arrow. The arrow hits the yak.
The yak is almost dead.
The cane toad stings you but does no damage.
The yak gores you!
You shoot an arrow. The arrow hits the yak.
You kill the yak!
Okawaru accepts your kill.
The cane toad stings you but does no damage.
You shoot an arrow.
The arrow hits the cane toad but does no damage.
The cane toad barely misses you.
You shoot an arrow. The arrow hits the cane toad!
The cane toad is moderately wounded.
The cane toad stings you but does no damage.
You shoot an arrow. The arrow hits the cane toad!
The cane toad is heavily wounded.
The cane toad barely misses you.
You shoot an arrow.
The arrow hits the cane toad but does no damage.
The cane toad is heavily wounded.
You shoot an arrow. The arrow hits the cane toad!
The cane toad is severely wounded.
The cane toad stings you!
You die...

#.......#...#
.....##..#.#..##
..............#
)P.P#.P#P.....##
............#.P#
..............##
...Y...........#
..#....#####%.##
..........F@..##
##.#P###..###..#
#### ####


You could see a cane toad.

Vanquished Creatures
  A two-headed ogre (D:8)
  Amaemon (D:8)
  Pikel (D:7)
  A manticore (Lair:2)
  3 elephants (Lair:1)
  3 black mambas
  Maurice (D:8)
  Maggie (D:6)
  An orange demon (D:8)
  5 cane toads (Lair:1)
  5 komodo dragons
  A wind drake (Lair:2)
  A hornet (D:8)
  Prince Ribbit (D:7)
  21 yaks
  A basilisk (Lair:2)
  Grum (D:8)
  Eustachio (D:6)
  A wyvern (Lair:1)
  2 wargs (D:8)
  11 water moccasins
  Edmund (D:6)
  2 orc warriors (D:8)
  2 black bears
  10 wolves
  A centaur (D:7)
  A lemure (D:7)
  A phantom (D:7)
  18 bullfrogs
  A gnoll sergeant (D:7)
  7 scorpions
  3 killer bees (D:7)
  2 gnoll boudas
  4 hounds
  3 orc priests (D:8)
  Jessica (D:3)
  Natasha (D:2)
  3 iguanas
  4 orc wizards (D:8)
  Terence (D:3)
  14 gnolls
  5 adders
  3 shadow imps
  A white imp (D:7)
  2 worms (Lair:2)
  3 dart slugs
  10 orcs
  5 bats
  5 endoplasms
  5 giant cockroaches
  5 goblins
  4 hobgoblins
  6 quokkas
  6 ball pythons
  3 frilled lizards
  10 kobolds
  4 rats
221 creatures vanquished.

Notes
Turn   | Place    | Note
-------+----------+-------------------------------------------
     0 | D:1      | qw the Gargoyle Hunter began the quest for the Orb.
     0 | D:1      | Reached XP level 1. HP: 12/12 MP: 1/1
     0 | D:1      | 0 ||| qw: Version: 0.3-a-76-g4403597
     0 | D:1      | 0 ||| qw: Game counter: 251
     0 | D:1      | 0 ||| qw: Melee chars always use a shield: true
     0 | D:1      | 0 ||| qw: God list: Okawaru
     0 | D:1      | 0 ||| qw: Allow faded altars: false
     0 | D:1      | 0 ||| qw: Do Orc after clearing Dungeon:15 true
     0 | D:1      | 0 ||| qw: Do second Lair branch before Depths: true
     0 | D:1      | 0 ||| qw: Lair rune preference: random
     0 | D:1      | 0 ||| qw: Goals: Normal
     0 | D:1      | 0 ||| PLANNING D:1-11
   284 | D:1      | Reached XP level 2. HP: 11/17 MP: 2/2
   919 | D:1      | 919 ||| UPGRADING to +0 ring mail.
   929 | D:1      | 929 ||| DROPPING +0 leather armour.
   930 | D:1      | 930 ||| READING scroll labelled JETHRE ONLAXIC.
   931 | D:1      | 931 ||| READING 3 scrolls labelled KELUTW QIHINU.
   934 | D:1      | 934 ||| DRINKING 2 murky silvery potions.
   935 | D:1      | 935 ||| DROPPING scroll of butterflies.
  1068 | D:2      | Reached skill level 1 in Armour
  1068 | D:2      | Reached XP level 3. HP: 21/21 MP: 3/3
  1389 | D:2      | Reached skill level 5 in Ranged Weapons
  1417 | D:2      | Noticed Natasha
  1425 | D:2      | Killed Natasha
  1426 | D:2      | Reached skill level 3 in Fighting
  1426 | D:2      | Reached XP level 4. HP: 19/28 MP: 4/4
  1862 | D:2      | 1862 ||| READING scroll labelled ISUYNAAKYN.
  1863 | D:2      | 1863 ||| READING 2 scrolls labelled FUHUGI PATASO.
  1864 | D:2      | 1864 ||| DRINKING 2 silvery potions.
  1865 | D:2      | 1865 ||| DROPPING scroll of fear.
  1916 | D:3      | Noticed Jessica
  1920 | D:3      | Killed Jessica
  1921 | D:3      | Reached XP level 5. HP: 32/32 MP: 5/5
  2287 | D:3      | Reached skill level 6 in Ranged Weapons
  2523 | D:3      | Noticed Terence
  2537 | D:3      | Killed Terence
  2538 | D:3      | Reached XP level 6. HP: 32/38 MP: 6/6
  2768 | D:3      | 2768 ||| UPGRADING to +2 robe of positive energy.
  2778 | D:3      | 2778 ||| UPGRADING to +0 pair of gloves.
  2783 | D:3      | 2783 ||| DROPPING +0 ring mail.
  2784 | D:3      | 2784 ||| DRINKING 3 red potions.
  2785 | D:3      | 2785 ||| DRINKING 2 pink potions.
  2786 | D:3      | 2786 ||| DRINKING 2 lumpy black potions.
  3082 | D:4      | 3082 ||| DROPPING +2 sling of freezing.
  3544 | D:4      | 3544 ||| READING scroll labelled UFEN MAALIOGH.
  3560 | D:5      | Entered Level 5 of the Dungeon
  3759 | D:5      | Noticed a black bear
  3768 | D:5      | Killed a black bear
  3769 | D:5      | Reached skill level 7 in Ranged Weapons
  3769 | D:5      | Reached XP level 7. HP: 19/43 MP: 7/7
  4012 | D:5      | Found a staircase to the Ecumenical Temple.
  4013 | D:5      | 4013 ||| PLANNING TEMPLE
  4013 | D:5      | 4013 ||| UPGRADING to +0 helmet.
  4018 | D:5      | 4018 ||| READING scroll labelled WEEM WAUNO.
  4036 | D:5      | 4036 ||| Stepping ~*~*~tactically~*~*~ (retreating).
  4037 | D:5      | 4037 ||| Stepping ~*~*~tactically~*~*~ (retreating).
  4038 | D:5      | 4038 ||| Stepping ~*~*~tactically~*~*~ (retreating).
  4124 | Temple   | Entered the Ecumenical Temple
  4125 | Temple   | 4125 ||| PLANNING OKAWARU WORSHIP
  4137 | Temple   | Became a worshipper of Warmaster Okawaru
  4138 | Temple   | 4138 ||| PLANNING D:1-11
  4474 | D:5      | 4474 ||| READING scroll labelled POMPETOMIA.
  4597 | D:6      | Found a stormy altar of Qazlal.
  4649 | D:6      | Noticed Eustachio
  4661 | D:6      | 4661 ||| Stepping ~*~*~tactically~*~*~ (retreating).
  4662 | D:6      | 4662 ||| Stepping ~*~*~tactically~*~*~ (retreating).
  4700 | D:6      | 4700 ||| Stepping ~*~*~tactically~*~*~ (retreating).
  4827 | D:6      | Killed Eustachio
  4828 | D:6      | Reached skill level 8 in Ranged Weapons
  5007 | D:6      | Noticed Edmund
  5009 | D:6      | 5009 ||| RETREATING.
  5013 | D:6      | 5013 ||| Stepping ~*~*~tactically~*~*~ (retreating).
  5014 | D:6      | 5014 ||| Stepping ~*~*~tactically~*~*~ (retreating).
  5044 | D:6      | Killed Edmund
  5045 | D:6      | Reached XP level 8. HP: 17/49 MP: 8/8
  5101 | D:6      | 5101 ||| FLEEEEING.
  5102 | D:6      | 5102 ||| FLEEEEING.
  5103 | D:6      | 5103 ||| FLEEEEING.
  5104 | D:6      | 5104 ||| FLEEEEING.
  5107 | D:6      | 5107 ||| FLEEEEING.
  5108 | D:6      | 5108 ||| FLEEEEING.
  5109 | D:6      | 5109 ||| FLEEEEING.
  5110 | D:6      | 5110 ||| FLEEEEING.
  5111 | D:6      | 5111 ||| FLEEEEING.
  5112 | D:6      | 5112 ||| FLEEEEING.
  5113 | D:6      | 5113 ||| FLEEEEING.
  5115 | D:6      | 5115 ||| FLEEEEING.
  5116 | D:6      | 5116 ||| FLEEEEING.
  5117 | D:6      | 5117 ||| FLEEEEING.
  5118 | D:6      | 5118 ||| FLEEEEING.
  5119 | D:6      | 5119 ||| FLEEEEING.
  5120 | D:6      | 5120 ||| FLEEEEING.
  5121 | D:6      | 5121 ||| FLEEEEING.
  5122 | D:6      | 5122 ||| FLEEEEING.
  5123 | D:6      | 5123 ||| FLEEEEING.
  5124 | D:6      | 5124 ||| FLEEEEING.
  5125 | D:6      | 5125 ||| FLEEEEING.
  5126 | D:6      | 5126 ||| FLEEEEING.
  5127 | D:6      | 5127 ||| FLEEEEING.
  5128 | D:6      | 5128 ||| FLEEEEING.
  5129 | D:6      | 5129 ||| FLEEEEING.
  5130 | D:6      | 5130 ||| FLEEEEING.
  5131 | D:6      | 5131 ||| FLEEEEING.
  5132 | D:6      | 5132 ||| FLEEEEING.
  5136 | D:6      | 5136 ||| FLEEEEING.
  5137 | D:6      | 5137 ||| FLEEEEING.
  5138 | D:6      | 5138 ||| FLEEEEING.
  5139 | D:6      | 5139 ||| FLEEEEING.
  5140 | D:6      | 5140 ||| FLEEEEING.
  5141 | D:6      | 5141 ||| FLEEEEING.
  5142 | D:6      | 5142 ||| FLEEEEING.
  5143 | D:6      | 5143 ||| FLEEEEING.
  5501 | D:6      | Reached * piety under Okawaru
  5502 | D:6      | Reached skill level 9 in Ranged Weapons
  5694 | D:6      | Reached skill level 1 in Invocations
  5809 | D:6      | 5809 ||| UPGRADING to +2 leather armour of willpower.
  5819 | D:6      | 5819 ||| DROPPING +2 robe of positive energy.
  5820 | D:6      | 5820 ||| UPGRADING to +0 cloak.
  5900 | D:6      | Noticed Maggie
  5939 | D:6      | 5939 ||| INVOKING Heroism.
  5947 | D:6      | Killed Maggie
  5948 | D:6      | Reached skill level 3 in Armour
  5948 | D:6      | Reached skill level 3 in Invocations
  6229 | D:7      | Noticed Pikel
  6230 | D:7      | 6230 ||| RETREATING.
  6232 | D:7      | 6232 ||| Stepping ~*~*~tactically~*~*~ (retreating).
  6233 | D:7      | 6233 ||| Stepping ~*~*~tactically~*~*~ (retreating).
  6236 | D:7      | 6236 ||| Stepping ~*~*~tactically~*~*~ (retreating).
  6237 | D:7      | 6237 ||| INVOKING Heroism.
  6251 | D:7      | Killed Pikel
  6251 | D:7      | Reached ** piety under Okawaru
  6252 | D:7      | Reached skill level 6 in Fighting
  6252 | D:7      | Reached XP level 9. HP: 48/56 MP: 9/12
  6269 | D:7      | 6269 ||| FLEEEEING.
  6270 | D:7      | 6270 ||| FLEEEEING.
  6271 | D:7      | 6271 ||| FLEEEEING.
  6272 | D:7      | 6272 ||| FLEEEEING.
  6273 | D:7      | 6273 ||| FLEEEEING.
  6274 | D:7      | 6274 ||| FLEEEEING.
  6289 | D:7      | Found a shadowy altar of Dithmenos.
  6302 | D:7      | Found an opulent altar of Gozag.
  6397 | D:7      | Noticed Prince Ribbit
  6398 | D:7      | 6398 ||| INVOKING Heroism.
  6410 | D:7      | Killed Prince Ribbit
  6461 | D:7      | 6461 ||| FLEEEEING.
  6462 | D:7      | 6462 ||| STAIRDANCE
  6489 | D:6      | 6489 ||| DRINKING 2 fuming pink potions.
  6594 | D:6      | 6594 ||| READING 2 scrolls of identify.
  6594 | D:6      | 6594 ||| IDENTIFYING viscous sapphire potion
  6595 | D:6      | 6595 ||| DROPPING potion of lignification.
  6596 | D:6      | 6596 ||| DROPPING potion of berserk rage.
  6627 | D:7      | 6627 ||| RETREATING.
  6726 | D:7      | Reached skill level 10 in Ranged Weapons
  6809 | D:7      | Reached *** piety under Okawaru
  6914 | D:7      | 6914 ||| Stepping ~*~*~tactically~*~*~ (retreating).
  6929 | D:7      | 6929 ||| INVOKING Heroism.
  6935 | D:7      | Reached skill level 3 in Dodging
  7342 | D:7      | 7342 ||| READING 2 scrolls of identify.
  7342 | D:7      | 7342 ||| IDENTIFYING smoky amethyst potion
  7406 | D:7      | Found a radiant altar of Vehumet.
  7406 | D:7      | Found a broken altar of Ashenzari.
  7408 | D:7      | Found a shimmering blue altar of Sif Muna.
  7408 | D:7      | Found a bloodstained altar of Trog.
  7442 | D:7      | 7442 ||| DROPPING potion of brilliance.
  7466 | D:8      | 7466 ||| STAIRDANCE
  7510 | D:8      | 7510 ||| INVOKING Heroism.
  7514 | D:8      | 7514 ||| STAIRDANCE
  7566 | D:8      | Noticed Grum
  7567 | D:8      | 7567 ||| STAIRDANCE
  7569 | D:7      | 7569 ||| INVOKING Heroism.
  7589 | D:8      | 7589 ||| STAIRDANCE
  7591 | D:7      | 7591 ||| Stepping ~*~*~tactically~*~*~ (retreating).
  7592 | D:7      | 7592 ||| Stepping ~*~*~tactically~*~*~ (retreating).
  7598 | D:7      | 7598 ||| INVOKING Heroism.
  7691 | D:8      | 7691 ||| STAIRDANCE
  7697 | D:8      | 7697 ||| INVOKING Heroism.
  7711 | D:8      | Killed Grum
  7712 | D:8      | Reached skill level 11 in Ranged Weapons
  7712 | D:8      | Reached XP level 10. HP: 45/63 MP: 11/13
  7718 | D:8      | 7718 ||| STAIRDANCE
  7818 | D:8      | 7818 ||| INVOKING Heroism.
  7836 | D:8      | 7836 ||| Stepping ~*~*~tactically~*~*~ (retreating).
  7837 | D:8      | 7837 ||| Stepping ~*~*~tactically~*~*~ (retreating).
  7844 | D:8      | Noticed Maurice
  7845 | D:8      | 7845 ||| Stepping ~*~*~tactically~*~*~ (retreating).
  7846 | D:8      | 7846 ||| Stepping ~*~*~tactically~*~*~ (retreating).
  7847 | D:8      | 7847 ||| Stepping ~*~*~tactically~*~*~ (retreating).
  7848 | D:8      | 7848 ||| Stepping ~*~*~tactically~*~*~ (retreating).
  7849 | D:8      | 7849 ||| Stepping ~*~*~tactically~*~*~ (retreating).
  7850 | D:8      | 7850 ||| Stepping ~*~*~tactically~*~*~ (retreating).
  7851 | D:8      | 7851 ||| Stepping ~*~*~tactically~*~*~ (retreating).
  7857 | D:8      | 7857 ||| Stepping ~*~*~tactically~*~*~ (retreating).
  7859 | D:8      | 7859 ||| Stepping ~*~*~tactically~*~*~ (retreating).
  7860 | D:8      | 7860 ||| RETREATING.
  7861 | D:8      | 7861 ||| Stepping ~*~*~tactically~*~*~ (outnumbered).
  7862 | D:8      | 7862 ||| INVOKING Heroism.
  7868 | D:8      | 7868 ||| FLEEEEING.
  7869 | D:8      | 7869 ||| FLEEEEING.
  7872 | D:8      | 7872 ||| FLEEEEING.
  7873 | D:8      | 7873 ||| FLEEEEING.
  7875 | D:8      | HP: 15/64 [orc warrior/+0 flail (7)]
  7876 | D:8      | 7876 ||| READING 3 scrolls of teleportation.
  7877 | D:8      | 7877 ||| DRINKING 2 potions of heal wounds.
  7881 | D:8      | HP: 11/64 [something (10)]
  7882 | D:8      | 7882 ||| DRINKING potion of heal wounds.
  7940 | D:8      | Noticed Amaemon
  7941 | D:8      | 7941 ||| INVOKING Heroism.
  7947 | D:8      | Noticed an orange demon
  7950 | D:8      | 7950 ||| Stepping ~*~*~tactically~*~*~ (outnumbered).
  7951 | D:8      | 7951 ||| Stepping ~*~*~tactically~*~*~ (outnumbered).
  7963 | D:8      | 7963 ||| Stepping ~*~*~tactically~*~*~ (retreating).
  7964 | D:8      | 7964 ||| Stepping ~*~*~tactically~*~*~ (retreating).
  7965 | D:8      | 7965 ||| Stepping ~*~*~tactically~*~*~ (retreating).
  7969 | D:8      | 7969 ||| INVOKING Heroism.
  7982 | D:8      | Killed Amaemon
  7993 | D:8      | Killed an orange demon
  7993 | D:8      | Reached **** piety under Okawaru
  7994 | D:8      | Reached skill level 12 in Ranged Weapons
  8050 | D:8      | 8050 ||| INVOKING Heroism.
  8096 | D:8      | 8096 ||| INVOKING Heroism.
  8140 | D:8      | 8140 ||| INVOKING Heroism.
  8179 | D:8      | 8179 ||| FLEEEEING.
  8180 | D:8      | 8180 ||| FLEEEEING.
  8181 | D:8      | 8181 ||| FLEEEEING.
  8285 | D:8      | 8285 ||| INVOKING Heroism.
  8291 | D:8      | Killed Maurice
  8375 | D:8      | Found a staircase to the Lair.
  8399 | D:8      | Noticed a two-headed ogre
  8400 | D:8      | 8400 ||| INVOKING Heroism.
  8414 | D:8      | Killed a two-headed ogre
  8609 | D:8      | Found a blossoming altar of Fedhas.
  8680 | D:8      | 8680 ||| PLANNING LAIR
  8680 | D:8      | 8680 ||| UPGRADING to +1 cloak of poison resistance.
  8690 | D:8      | 8690 ||| DROPPING +0 cloak.
  8691 | D:8      | 8691 ||| UPGRADING to amulet of the acrobat.
  8696 | D:8      | 8696 ||| READING scroll labelled ZICKOS ATAP.
  8717 | D:8      | 8717 ||| INVOKING Heroism.
  8754 | Lair:1   | Entered Level 1 of the Lair of Beasts
  8817 | Lair:1   | 8817 ||| INVOKING Heroism.
  8818 | Lair:1   | Noticed a cane toad
  8819 | Lair:1   | 8819 ||| Stepping ~*~*~tactically~*~*~ (retreating).
  8820 | Lair:1   | 8820 ||| Stepping ~*~*~tactically~*~*~ (retreating).
  8821 | Lair:1   | 8821 ||| Stepping ~*~*~tactically~*~*~ (retreating).
  8824 | Lair:1   | 8824 ||| Stepping ~*~*~tactically~*~*~ (retreating).
  8843 | Lair:1   | 8843 ||| INVOKING Heroism.
  8847 | Lair:1   | Reached skill level 13 in Ranged Weapons
  8876 | Lair:1   | Killed a cane toad
  8877 | Lair:1   | Reached XP level 11. HP: 49/69 MP: 14/14
  9009 | Lair:1   | 9009 ||| FLEEEEING.
  9023 | Lair:1   | 9023 ||| INVOKING Heroism.
  9038 | Lair:1   | Reached skill level 9 in Fighting
  9053 | Lair:1   | 9053 ||| Stepping ~*~*~tactically~*~*~ (retreating).
  9054 | Lair:1   | 9054 ||| Stepping ~*~*~tactically~*~*~ (retreating).
  9055 | Lair:1   | 9055 ||| Stepping ~*~*~tactically~*~*~ (retreating).
  9056 | Lair:1   | 9056 ||| Stepping ~*~*~tactically~*~*~ (retreating).
  9057 | Lair:1   | 9057 ||| Stepping ~*~*~tactically~*~*~ (retreating).
  9058 | Lair:1   | 9058 ||| Stepping ~*~*~tactically~*~*~ (retreating).
  9059 | Lair:1   | 9059 ||| Stepping ~*~*~tactically~*~*~ (retreating).
  9060 | Lair:1   | 9060 ||| Stepping ~*~*~tactically~*~*~ (retreating).
  9061 | Lair:1   | 9061 ||| INVOKING Heroism.
  9061 | Lair:1   | HP: 11/71 [elephant (8)]
  9062 | Lair:1   | 9062 ||| READING 3 scrolls of teleportation.
  9097 | Lair:1   | 9097 ||| INVOKING Heroism.
  9103 | Lair:1   | HP: 17/71 [water moccasin (6)]
  9104 | Lair:1   | 9104 ||| READING 2 scrolls of teleportation.
  9111 | Lair:1   | Reached skill level 6 in Invocations
  9311 | Lair:1   | 9311 ||| INVOKING Heroism.
  9490 | Lair:1   | 9490 ||| Stepping ~*~*~tactically~*~*~ (retreating).
  9491 | Lair:1   | 9491 ||| Stepping ~*~*~tactically~*~*~ (retreating).
  9496 | Lair:1   | 9496 ||| Stepping ~*~*~tactically~*~*~ (retreating).
  9498 | Lair:1   | 9498 ||| Stepping ~*~*~tactically~*~*~ (retreating).
  9499 | Lair:1   | 9499 ||| Stepping ~*~*~tactically~*~*~ (retreating).
  9500 | Lair:1   | 9500 ||| Stepping ~*~*~tactically~*~*~ (retreating).
  9501 | Lair:1   | 9501 ||| Stepping ~*~*~tactically~*~*~ (retreating).
  9502 | Lair:1   | 9502 ||| Stepping ~*~*~tactically~*~*~ (retreating).
  9503 | Lair:1   | 9503 ||| Stepping ~*~*~tactically~*~*~ (retreating).
  9511 | Lair:1   | 9511 ||| Stepping ~*~*~tactically~*~*~ (retreating).
  9512 | Lair:1   | 9512 ||| Stepping ~*~*~tactically~*~*~ (retreating).
  9513 | Lair:1   | 9513 ||| Stepping ~*~*~tactically~*~*~ (retreating).
  9514 | Lair:1   | 9514 ||| Stepping ~*~*~tactically~*~*~ (retreating).
  9515 | Lair:1   | 9515 ||| Stepping ~*~*~tactically~*~*~ (retreating).
  9516 | Lair:1   | 9516 ||| Stepping ~*~*~tactically~*~*~ (retreating).
  9518 | Lair:1   | 9518 ||| Stepping ~*~*~tactically~*~*~ (retreating).
  9519 | Lair:1   | 9519 ||| Stepping ~*~*~tactically~*~*~ (retreating).
  9520 | Lair:1   | 9520 ||| Stepping ~*~*~tactically~*~*~ (retreating).
  9521 | Lair:1   | 9521 ||| Stepping ~*~*~tactically~*~*~ (retreating).
  9522 | Lair:1   | 9522 ||| Stepping ~*~*~tactically~*~*~ (retreating).
  9523 | Lair:1   | 9523 ||| Stepping ~*~*~tactically~*~*~ (retreating).
  9524 | Lair:1   | 9524 ||| Stepping ~*~*~tactically~*~*~ (retreating).
  9525 | Lair:1   | 9525 ||| Stepping ~*~*~tactically~*~*~ (retreating).
  9526 | Lair:1   | 9526 ||| Stepping ~*~*~tactically~*~*~ (retreating).
  9530 | Lair:1   | 9530 ||| Stepping ~*~*~tactically~*~*~ (outnumbered).
  9537 | Lair:1   | 9537 ||| INVOKING Heroism.
  9573 | Lair:1   | 9573 ||| INVOKING Heroism.
  9654 | Lair:1   | 9654 ||| INVOKING Heroism.
  9819 | Lair:1   | 9819 ||| INVOKING Heroism.
  9846 | Lair:1   | 9846 ||| INVOKING Heroism.
  9909 | Lair:1   | 9909 ||| INVOKING Heroism.
 10079 | Lair:1   | 10079 ||| INVOKING Heroism.
 10104 | Lair:1   | 10104 ||| Stepping ~*~*~tactically~*~*~ (retreating).
 10116 | Lair:1   | Reached skill level 14 in Ranged Weapons
 10119 | Lair:1   | 10119 ||| INVOKING Heroism.
 10442 | Lair:1   | 10442 ||| READING scroll labelled ELASIXZ TUEJ.
 10490 | Lair:1   | 10490 ||| READING 3 scrolls of identify.
 10490 | Lair:1   | 10490 ||| IDENTIFYING grey potion
 10675 | Lair:2   | 10675 ||| INVOKING Heroism.
 10726 | Lair:2   | Noticed a manticore
 10727 | Lair:2   | 10727 ||| INVOKING Heroism.
 10735 | Lair:2   | 10735 ||| RETREATING.
 10739 | Lair:2   | 10739 ||| RETREATING.
 10748 | Lair:2   | 10748 ||| INVOKING Heroism.
 10751 | Lair:2   | 10751 ||| RETREATING.
 10779 | Lair:2   | HP: 8/72 [rock wall collision (12)]
 10780 | Lair:2   | 10780 ||| READING scroll of teleportation.
 10781 | Lair:2   | HP: 2/72 [wind drake/the air (7)]
 11060 | Lair:2   | 11060 ||| RETREATING.
 11065 | Lair:2   | 11065 ||| Stepping ~*~*~tactically~*~*~ (retreating).
 11066 | Lair:2   | 11066 ||| Stepping ~*~*~tactically~*~*~ (retreating).
 11067 | Lair:2   | 11067 ||| Stepping ~*~*~tactically~*~*~ (retreating).
 11078 | Lair:2   | 11078 ||| INVOKING Heroism.
 11089 | Lair:2   | Reached skill level 9 in Invocations
 11089 | Lair:2   | Reached XP level 12. HP: 49/77 MP: 16/18
 11124 | Lair:2   | 11124 ||| FLEEEEING.
 11412 | Lair:2   | Found a hole to the Spider Nest.
 11541 | Lair:2   | Found a staircase to the Shoals.
 11549 | Lair:2   | 11549 ||| RETREATING.
 11564 | Lair:2   | 11564 ||| RETREATING.
 11571 | Lair:2   | 11571 ||| Stepping ~*~*~tactically~*~*~ (retreating).
 11572 | Lair:2   | 11572 ||| Stepping ~*~*~tactically~*~*~ (retreating).
 11580 | Lair:2   | 11580 ||| Stepping ~*~*~tactically~*~*~ (retreating).
 11581 | Lair:2   | 11581 ||| Stepping ~*~*~tactically~*~*~ (retreating).
 11584 | Lair:2   | 11584 ||| Stepping ~*~*~tactically~*~*~ (retreating).
 11597 | Lair:2   | 11597 ||| Stepping ~*~*~tactically~*~*~ (retreating).
 11614 | Lair:2   | 11614 ||| FLEEEEING.
 11615 | Lair:2   | 11615 ||| FLEEEEING.
 11617 | Lair:2   | 11617 ||| FLEEEEING.
 11618 | Lair:2   | 11618 ||| FLEEEEING.
 11619 | Lair:2   | 11619 ||| FLEEEEING.
 11620 | Lair:2   | 11620 ||| FLEEEEING.
 11621 | Lair:2   | 11621 ||| FLEEEEING.
 11623 | Lair:2   | 11623 ||| Stepping ~*~*~tactically~*~*~ (retreating).
 11628 | Lair:2   | 11628 ||| Stepping ~*~*~tactically~*~*~ (retreating).
 11629 | Lair:2   | 11629 ||| Stepping ~*~*~tactically~*~*~ (retreating).
 11876 | Lair:2   | 11876 ||| INVOKING Heroism.
 11915 | Lair:2   | 11915 ||| INVOKING Heroism.
 11931 | Lair:2   | HP: 19/77 [wind drake/the air (7)]
 11937 | Lair:2   | HP: 17/77 [wind drake/the air (3)]
 11944 | Lair:2   | HP: 14/77 [wind drake/the air (4)]
 11946 | Lair:2   | 11946 ||| INVOKING Heroism.
 12065 | Lair:2   | 12065 ||| FLEEEEING.
 12066 | Lair:2   | 12066 ||| FLEEEEING.
 12073 | Lair:2   | 12073 ||| Stepping ~*~*~tactically~*~*~ (water).
 12074 | Lair:2   | 12074 ||| INVOKING Heroism.
 12089 | Lair:2   | HP: 11/77 [komodo dragon (9)]
 12374 | Lair:2   | 12374 ||| UPGRADING to +2 pair of gloves.
 12384 | Lair:2   | 12384 ||| DROPPING +0 pair of gloves.
 12385 | Lair:2   | 12385 ||| READING scroll labelled JEUHIGRINU.
 12386 | Lair:2   | 12386 ||| READING 3 scrolls of identify.
 12386 | Lair:2   | 12386 ||| IDENTIFYING inky potion
 12387 | Lair:2   | 12387 ||| DROPPING potion of attraction.
 12415 | Lair:3   | 12415 ||| INVOKING Heroism.
 12484 | Lair:3   | 12484 ||| Stepping ~*~*~tactically~*~*~ (retreating).
 12485 | Lair:3   | 12485 ||| Stepping ~*~*~tactically~*~*~ (retreating).
 12487 | Lair:3   | 12487 ||| Stepping ~*~*~tactically~*~*~ (retreating).
 12488 | Lair:3   | 12488 ||| Stepping ~*~*~tactically~*~*~ (retreating).
 12529 | Lair:3   | 12529 ||| INVOKING Heroism.
 12540 | Lair:3   | HP: 19/79 [cane toad (9)]
 12547 | Lair:3   | Slain by a cane toad

Levels and vault maps discovered:
D:1:      erik_arrival_triangle_large, layout_loops_ring, nicolae_eternal_life,
          chequers_serial_rivers_large_b
D:2:      layout_loops_corners, serial_park_tiny_pond, minivault_11,
          uniq_natasha
D:3:      layout_loops_corners, uniq_terence, uniq_jessica
D:4:      layout_gridville, hangedman_decor_opposing, minivault_4
D:5:      layout_cave_pods, minmay_temple_entry_water_ring
D:6:      layout_basic, mainiacjoe_overflow_24_doors, serial_aquarium,
          aquarium_bridge_square [aquarium_subvault_window,
          aquarium_subvault_balcony, aquarium_subvault_wall,
          aquarium_subvault_bridge], aquarium_window_1,
          aquarium_window_corridor_2, aquarium_view_2a, aquarium_view_2b,
          uniq_maggie, uniq_eustachio, uniq_edmund
D:7:      layout_basic, nicolae_dithmenos_through_a_glass_darkly,
          nicolae_gozag_seed_capital, mainiacjoe_overflow_alcove_3,
          serial_glass, glass_columns_a, glass_columns_b, uniq_prince_ribbit1,
          uniq_pikel
D:8:      layout_cave_pools, fedhas_altar_fruit_tree, erik_lair_orcish_takeover,
          uniq_amaemon, uniq_grum, uniq_maurice
Temple:   nicolae_temple_ecumenical_triangle
Lair:1:   layout_gridlike, grunt_megastairs_4
Lair:2:   layout_loops_ring, minmay_shoals_entry_beasts,
          nicolae_spider_entry_non_spiders, grunt_megastairs_2,
          infiniplex_staircase_pool_2
Lair:3:   layout_chaotic_city, lemuel_fruit_fields

Skill      XL: |  1  2  3  4  5  6  7  8  9 10 11 12 |
---------------+-------------------------------------+-----
Armour         | 1 3 4 |  4.1
Ranged Weapons | 5 6 7 8 9 11 13 14 | 14.0
Fighting       | 3 4 5 6 7 8 9 10 | 10.7
Dodging        | 2 3 4 5 |  5.1
Invocations    | 4 9 10 | 10.0
Stealth        | |  1.1

Action                     |  1- 3 |  4- 6 |  7- 9 | 10-12 || total
---------------------------+-------+-------+-------+-------++-------
   Fire: Shortbow          |    94 |   147 |   564 |  1050 ||  1855
 Invoke: Heroism           |       |       |     8 |    34 ||    42
    Use: Scroll            |     2 |     3 |     4 |     9 ||    18
         Potion            |     1 |     4 |     1 |     2 ||     8
 Armour: Leather armour    |    17 |       |   106 |   467 ||   590
         Ring mail         |    15 |    17 |       |       ||    32
         Robe              |       |    11 |   235 |       ||   246
  Dodge: Dodged            |    33 |    27 |   361 |   483 ||   904

Table legend:
 A = Non-vault XP
 B = Vault XP
 C = Vault XP percentage of total XP
 D = Non-vault monster count
 E = Vault monster count
 F = Vault count percentage of total count
                 A         B        C        D         E       F
            +---------+---------+-------+---------+---------+-------
      Total |   13829 |   10603 |  43.4 |     161 |      59 |  26.8
            +---------+---------+-------+---------+---------+-------
        D:1 |      16 |       0 |   0.0 |      10 |       0 |   0.0
        D:2 |      76 |      37 |  32.7 |      21 |       1 |   4.5
        D:3 |     122 |      73 |  37.4 |      26 |       2 |   7.1
        D:4 |     167 |       0 |   0.0 |       8 |       0 |   0.0
        D:5 |     281 |       0 |   0.0 |      10 |       0 |   0.0
        D:6 |     566 |     751 |  57.0 |       8 |       3 |  27.3
        D:7 |    1009 |    1385 |  57.9 |      19 |       6 |  24.0
        D:8 |    1559 |    2408 |  60.7 |      16 |      12 |  42.9
     Lair:1 |    6113 |    1919 |  23.9 |      23 |      12 |  34.3
     Lair:2 |    2409 |    4030 |  62.6 |      13 |      23 |  63.9
     Lair:3 |    1511 |       0 |   0.0 |       7 |       0 |   0.0
            +---------+---------+-------+---------+---------+-------
